 Dungeon Crawl Stone Soup version 0.24.0-37-gcf1ca852f1 (webtiles) character file.

Game seed: 8275052885507698041, levelgen mode: deterministic

3055 Descartes the Nimble (level 9, 0/43 HPs)
             Began as a Felid Monk on Dec 8, 2019.
             Slain by a two-headed ogre
             ... wielding a cursed -3 giant club
              (9 damage)
             ... on level 8 of the Dungeon.
             The game lasted 00:21:02 (13692 turns).

Descartes the Nimble (Felid Monk)                  Turns: 13692, Time: 00:21:02

Health: 0/43       AC:  5    Str: 10      XL:     9   Next: 57%
Magic:  10/10      EV: 26    Int: 12      God:
Gold:   405        SH:  0    Dex: 17 (18) Spells: 8/8 levels left
                                        Lives:  0   Deaths: 2

rFire    + . .     SeeInvis +     - Unarmed
rCold    . . .     Gourm    .   (shield unavailable)
rNeg     . . .     Faith    .   (armour unavailable)
rPois    .         Spirit   .   (helmet unavailable)
rElec    +         Reflect  .   (cloak unavailable)
rCorr    +         Harm     .   (gloves unavailable)
MR       +....                  (boots unavailable)
Stlth    +++++.....             (no amulet)
HPRegen  0.14/turn              o - ring of fire
MPRegen  0.12/turn              y - ring of resist corrosion

@: quick
A: very small, no armour, no weapons or thrown items, stealth, claws 1, fangs 3,
thin metallic scales 1, see invisible, carnivore, speed 1, shaggy fur 3,
electricity resistance, slow metabolism 1, sharp paws
a: no special abilities


You were on level 8 of the Dungeon.
You were completely stuffed.

You visited 2 branches of the dungeon, and saw 9 of its levels.

You collected 405 gold pieces.

Inventory:

Missiles
 e - 71 arrows
 f - 133 stones
Jewellery
 o - a ring of fire (left paw)
 t - a +6 ring of intelligence
 y - a ring of resist corrosion (right paw)
Wands
 u - a wand of disintegration (14)
Scrolls
 g - 7 scrolls of teleportation
 h - a scroll of brand weapon {unknown}
 j - 2 scrolls of magic mapping {unknown}
 l - 3 scrolls of enchant armour
 m - 2 scrolls of fear
 n - 5 scrolls of enchant weapon {unknown}
 p - a scroll of amnesia {unknown}
 q - a scroll of immolation
 r - 5 scrolls of remove curse
 s - 2 scrolls of blinking
Potions
 b - a potion of lignification
 c - 2 potions of haste
 d - 2 potions of agility
 i - 5 potions of heal wounds
 k - 5 potions of curing
 v - a potion of cancellation {unknown}
 x - a potion of berserk rage
 z - a potion of flight
Comestibles
 a - 18 rations
 w - a chunk of flesh


   Skills:
 + Level 7.3 Fighting
 + Level 10.2 Dodging
 + Level 9.6 Stealth
 * Level 9.8 Unarmed Combat


You had 8 spell levels left.
You didn't know any spells.
Your spell library was empty.

Dungeon Overview and Level Annotations

Branches:
Dungeon (8/15)             Temple (1/1) D:4
   Lair: D:8-11

Altars:
Ashenzari
Cheibriados
Dithmenos
Elyvilon
Fedhas
Gozag
Hepliaklqana
Kikubaaqudgha
Makhleb
Nemelex Xobeh
Okawaru
Qazlal
Ru
Sif Muna
Trog
Uskayaw
Vehumet
Wu Jian
Xom
Yredelemnul
Zin
The Shining One

Shops:
D:5 [[([[


Innate Abilities, Weirdness & Mutations

You cannot wear armour.
You are incapable of wielding weapons or throwing items.
Your paws allow you to move quietly. (Stealth)
You have sharp claws.
You have razor-sharp teeth.
You have supernaturally acute eyesight. (SInv)
You are carnivorous and can eat meat at any time.
You cover ground quickly.
Your thick and shaggy fur keeps you warm. (AC +3, rC+)
You have a slow metabolism.
Your sharp claws are effective at attacking unaware monsters.
You are partially covered in thin metallic scales. (AC +2)
You are resistant to electric shocks. (rElec)


Message History

The quasit is almost dead.
The quasit completely misses you. x2; The quasit closely misses you.
You scratch the quasit.
You kill the quasit!
The two-headed ogre misses you.
The two-headed ogre completely misses you.
You claw the two-headed ogre!
The two-headed ogre is lightly wounded.
You scratch the two-headed ogre. You bite the two-headed ogre.
The two-headed ogre is moderately wounded.
The two-headed ogre hits you with a cursed -3 giant club!
The two-headed ogre misses you.
You claw the two-headed ogre!
The two-headed ogre is heavily wounded.
You claw the two-headed ogre!
The two-headed ogre is severely wounded.
The two-headed ogre hits you with a cursed -3 giant club!
* * * LOW HITPOINT WARNING * * *
The two-headed ogre hits you with a +0 giant club!
You die...

P....####...........##.......#..#
♣....# ##..........###..........
♣....> ##.........## #....#.#...
P......##..........##......#..#.#
♣...................#...#.....###
.......###...###....#..##......
#...## ##..###.##.......
#....###O....#.#...##....
....)!...@..).._..
#..................
#..................
...................
#.................
#................. ..#
..............### .....
###.........## .....
########.......# ....#


You could see a two-headed ogre.

Vanquished Creatures
  Joseph (D:8)
  Grinder (D:5)
  Sigmund (D:2)
  A yak (D:7)
  A wyvern (D:8)
  A human (D:7)
  3 hogs (D:7)
  A water moccasin (D:6)
  A sky beast (D:6)
  2 ice beasts
  A black bear (D:8)
  2 orc warriors
  5 ogres
  A centaur (D:7)
  2 big kobolds
  2 bullfrogs (D:7)
  3 bullfrog zombies
  A quasit (D:8)
  8 orc priests
  3 hounds
  5 jellies
  A centaur skeleton (D:6)
  An iguana (D:4)
  Natasha (thrice) (D:2)
  12 orc wizards
  4 worker ants
  A killer bee zombie (D:8)
  A hound skeleton (D:6)
  A worker ant zombie (D:8)
  8 gnolls
  14 adders
  3 shadow imps
  An ooze (D:2)
  4 adder skeletons
  An adder zombie (D:6)
  3 worms (D:2)
  3 dart slugs
  10 leopard geckos
  40 orcs
  3 ball pythons
  12 bats
  8 giant cockroaches
  8 goblins
  6 hobgoblins
  15 jackals
  3 quokkas
  7 frilled lizards
  A giant cockroach zombie (D:6)
  2 jackal zombies
  16 kobolds
  A quokka skeleton (D:5)
  11 rats
  A spectral orc (D:4)
251 creatures vanquished.

Vanquished Creatures (others)
  An orc (D:8)
1 creature vanquished.

Grand Total: 252 creatures vanquished

Notes
Turn   | Place    | Note
-------+----------+-------------------------------------------
     0 | D:1      | Descartes the Felid Monk began the quest for the Orb.
     0 | D:1      | Reached XP level 1. HP: 10/10 MP: 2/2
   221 | D:1      | Reached XP level 2. HP: 14/14 MP: 3/3
   933 | D:1      | Reached XP level 3. HP: 17/17 MP: 4/4
  1344 | D:2      | Found an iron altar of Okawaru.
  1602 | D:2      | Noticed Natasha
  1607 | D:2      | Killed Natasha
  1607 | D:2      | Reached XP level 4. HP: 21/21 MP: 5/5
  1733 | D:2      | Reached skill level 5 in Dodging
  1878 | D:2      | Noticed Sigmund
  2287 | D:2      | Found an ornate altar of the Wu Jian Council.
  3080 | D:2      | Killed Sigmund
  3080 | D:2      | Reached skill level 6 in Dodging
  3080 | D:2      | Reached XP level 5. HP: 25/25 MP: 6/6
  3080 | D:2      | Gained mutation: You are covered in thick fur. (AC +2)
                  | [Felid growth]
  3080 | D:2      | Reached XP level 6. HP: 28/28 MP: 7/7
  3132 | D:2      | Noticed Natasha
  3145 | D:2      | Killed Natasha
  3410 | D:2      | Noticed Natasha
  3418 | D:2      | Killed Natasha
  3899 | D:2      | Reached skill level 5 in Unarmed Combat
  4876 | D:4      | Found a staircase to the Ecumenical Temple.
  4887 | Temple   | Entered the Ecumenical Temple
  5201 | D:3      | Reached skill level 5 in Stealth
  5201 | D:3      | Reached XP level 7. HP: 21/33 MP: 8/8
  5341 | D:4      | Found a sparkling altar of Nemelex Xobeh.
  5490 | D:4      | Found a basalt altar of Yredelemnul.
  5800 | D:5      | Entered Level 5 of the Dungeon
  5980 | D:4      | Reached skill level 7 in Dodging
  6036 | D:5      | Found Ysi Kemal's Antique Armour Boutique.
  6594 | D:5      | Found Joobah's Antique Armour Shoppe.
  6683 | D:5      | Found Liad's Weapon Emporium.
  6731 | D:5      | Found Bessiuw's Antique Armour Emporium.
  7623 | D:5      | Found Xokousacs's Antique Armour Shop.
  7655 | D:5      | Noticed Grinder
  7664 | D:5      | Paralysed by Grinder for 6 turns
  7668 | D:5      | Slain by Grinder
  7669 | D:5      | Reached XP level 6. HP: 0/29 MP: 7/7
  7701 | D:5      | Reached XP level 7. HP: 33/33 MP: 8/8
  7739 | D:5      | Killed Grinder
  7739 | D:5      | Reached skill level 5 in Fighting
  8105 | D:6      | Reached skill level 8 in Dodging
  8165 | D:6      | Gained mutation: Your thick and shaggy fur keeps you warm.
                  | (AC +3, rC+) [potion of mutation]
  8165 | D:6      | Gained mutation: You are partially covered in thin metallic
                  | scales. (AC +2) [potion of mutation]
  8165 | D:6      | Gained mutation: You are resistant to electric shocks.
                  | (rElec) [potion of mutation]
  8215 | D:6      | Reached XP level 8. HP: 37/37 MP: 9/9
  8587 | D:6      | Found a shimmering altar of Xom.
  9969 | D:7      | Found a shadowy altar of Dithmenos.
 10616 | D:7      | Reached skill level 9 in Dodging
 10745 | D:7      | Reached XP level 9. HP: 41/41 MP: 10/10
 11356 | D:6      | Slain by an orc warrior
 11357 | D:6      | Reached XP level 8. HP: 0/39 MP: 9/9
 11447 | D:6      | Found a shimmering altar of Xom.
 12334 | D:7      | Reached XP level 9. HP: 31/42 MP: 10/10
 12672 | D:7      | Found a shadowy altar of Dithmenos.
 12997 | D:8      | Noticed Joseph
 13006 | D:8      | Killed Joseph
 13082 | D:8      | Noticed a two-headed ogre
 13113 | D:7      | Reached skill level 10 in Dodging
 13311 | D:8      | Noticed a -2 dagger
 13315 | D:8      | Found a hide-covered altar of Uskayaw.
 13318 | D:8      | Noticed a +0 dagger
 13408 | D:8      | Noticed a two-headed ogre
 13674 | D:8      | Found a white marble altar of Elyvilon.
 13692 | D:8      | Slain by a two-headed ogre

Levels and vault maps discovered:
D:1:      matt_arrival_grand_opening, layout_basic, minmay_fountain_box,
          roderic_lattice_a, hangedman_decor_points, minmay_misc_feat_five,
          feat_on_display
D:2:      kb_forest_paths, layout_basic, okawaru_trees_1,
          nicolae_overflow_crystal_walls, first_ration, uniq_sigmund,
          uniq_natasha
D:3:      layout_loops_ring
D:4:      layout_basic, nemelex_xobeh_ov_fountains_minmay,
          yredelemnul_forgotten_temple_becter,
          minmay_temple_entry_statues_fountains
D:5:      layout_basic, serial_shops, kennysheep_little_box, nicolae_shop_trees,
          shop_fountains, shop, shop, uniq_grinder
D:6:      layout_basic, marbit_many_paths
D:7:      layout_loops_ring, nicolae_dithmenos_the_darkroom, grunt_livestock
D:8:      layout_cave_pools, overflow_temple_1_default, dancing_weapons_uskayaw,
          lair_entry_dummy, serial_bayou_lagoon_b, uniq_psyche, uniq_joseph
Temple:   eino_temple_lava

Skill      XL: |  1  2  3  4  5  6  7  8  9 |
---------------+----------------------------+-----
Stealth        | 3 4 5 6 9 |  9.6
Dodging        | 6 8 9 10 | 10.2
Unarmed Combat | 4 6 7 9 |  9.8
Fighting       | 4 5 6 7 |  7.3

Action                   |  1- 3 |  4- 6 |  7- 9 || total
-------------------------+-------+-------+-------++-------
Melee: Unarmed           |    91 |   245 |   509 ||   845
       Bite              |     9 |    26 |    70 ||   105
       Punch             |     1 |     6 |    23 ||    30
  Use: Scroll            |     2 |     3 |     6 ||    11
       Potion            |       |     4 |     3 ||     7
 Stab: Sleeping          |    10 |    10 |    29 ||    49
       Distracted        |       |     1 |     2 ||     3
  Eat: Chunk             |     9 |     7 |    27 ||    43
Armor: Skin              |     2 |    14 |    20 ||    36
Dodge: Dodged            |    70 |   231 |   413 ||   714
